 Dungeon Crawl Stone Soup version 0.30-a0-359-gd0147acb1a (webtiles) character file.

Game seed: 7899809656460134508

548 LnG the Caller (level 7, -6/39 HPs)
             Began as a Kobold Summoner on Nov 12, 2022.
             Mangled by an ogre
             ... wielding a +0 giant club
              (24 damage)
             ... on level 5 of the Dungeon.
             The game lasted 00:10:41 (5244 turns).

LnG the Caller (Kobold Summoner)                    Turns: 5244, Time: 00:10:42

Health: -6/39      AC:  2    Str:  5    XL:     7   Next: 54%
Magic:  7/12       EV: 16    Int: 19    God:
Gold:   243        SH:  0    Dex: 15    Spells: 0/13 levels left

rFire   . . .      SeeInvis .    j - +0 dagger
rCold   . . .      Faith    .    (no shield)
rNeg    . . .      Spirit   .    a - +0 robe
rPois   .          Reflect  .    (no helmet)
rElec   .          Harm     .    (no cloak)
rCorr   +          Rampage  .    (no gloves)
Will    .....                    (no boots)
Stlth   ++++......               (no amulet)
HPRegen 0.26/turn                h - ring of resist corrosion
MPRegen 0.13/turn                (no ring)

@: no status effects
A: small, no large weapons, nightstalker 3
a: no special abilities


You were on level 5 of the Dungeon.
You visited 2 branches of the dungeon, and saw 6 of its levels.

You collected 243 gold pieces.

Inventory:

Hand Weapons
 j - a +0 dagger (weapon)
Armour
 a - a +0 robe (worn)
Jewellery
 h - a ring of resist corrosion (left hand)
Wands
 r - a wand of polymorph (8)
Scrolls
 c - 2 scrolls of amnesia
 d - 3 scrolls of enchant armour
 k - 2 scrolls of noise
 l - a scroll of torment
 n - a scroll of blinking
 o - a scroll of teleportation {unknown}
Potions
 b - a potion of magic
 e - 2 potions of heal wounds {unknown}
 f - 2 potions of attraction
 g - 3 potions of lignification
 i - 2 potions of flight
 m - a potion of berserk rage {unknown}
 p - a potion of mutation {unknown}
 q - a potion of curing


   Skills:
 + Level 1.7 Fighting
 + Level 3.7 Short Blades
 + Level 4.0 Dodging
 + Level 5.4 Stealth
 + Level 3.8 Spellcasting
 * Level 5.5 Summonings


You couldn't memorise any spells.
You knew the following spells:

 Your Spells              Type           Power      Damage    Failure   Level
a - Summon Small Mammal   Summ           96%        N/A       1%          1
b - Call Imp              Summ           24%        N/A       2%          2
c - Call Canine Familiar  Summ           24%        N/A       4%          3
d - Summon Guardian Gole  Hex/Summ       14%        N/A       14%         3
e - Summon Lightning Spi  Summ/Air       14%        N/A       41%         4

Your spell library contained the following spells:

 Spells                   Type           Power      Damage    Failure   Level
 Foxfire                  Conj/Fire      12%        2x1d4     14%         1
 Sandblast                Erth           6%         2d5       14%         1
 Slow                     Hex            12%        N/A       14%         1
 Blink                    Tloc           6%         N/A       22%         2
 Ensorcelled Hibernation  Hex/Ice        6%         N/A       22%         2
 Passwall                 Tmut/Erth      2%         N/A       22%         2
 Gell's Gravitas          Tloc           3%         N/A       38%         3
 Portal Projectile        Hex/Tloc       6%         N/A       38%         3
 Spider Form              Tmut/Pois      3%         N/A       38%         3
 Stone Arrow              Conj/Erth      6%         3d7       38%         3
 Swiftness                Air            3%         N/A       38%         3
 Teleport Other           Tloc           3%         N/A       38%         3
 Tukima's Dance           Hex            3%         N/A       38%         3
 Summon Mana Viper        Hex/Summ       14%        N/A       77%         5
 Anguish                  Hex/Necr       1%         N/A       80%         4
 Manifold Assault         Tloc           3%         N/A       80%         4
 Blade Hands              Tmut           1%         N/A       98%         5
 Dispersal                Tloc           1%         N/A       100%        6
 Storm Form               Tmut/Air       1%         N/A       100%        7
 Fire Storm               Conj/Fire      1%         8d1       100%        9


Dungeon Overview and Level Annotations

Branches:
Dungeon (5/15)             Temple (1/1) D:4

Altars:
Elyvilon
Gozag
Hepliaklqana
Kikubaaqudgha
Nemelex Xobeh
Qazlal
Ru
Sif Muna
Trog
Wu Jian
Xom
Yredelemnul
Zin
The Shining One

Shops:
D:4 (

Annotations:
D:5 1 transporter


Innate Abilities, Weirdness & Mutations

You are small and have problems with some larger weapons.
You are completely attuned to the shadows.


Message History

There is a stone staircase leading down here.
You start resting.
HP restored.
You climb downwards.
Level annotation: 1 transporter
There is a stone staircase leading up here.
Casting: Call Imp (safe; 2% risk of failure)
Confirm with . or Enter, or press ? or * to list all spells.
The ogre hits your hound with a +0 giant club!!
Your hound dies!
Your hound's corpse disappears in a puff of smoke!
Casting: Call Canine Familiar (dangerous; 4% risk of failure)
Confirm with . or Enter, or press ? or * to list all spells.
You barely miss the ogre.
Your hound bites the ogre.
The ogre hits you with a +0 giant club!
You hit the ogre.
The ogre is lightly wounded.
Your hound bites the ogre.
You hit the ogre.
The ogre is moderately wounded.
Your hound bites the ogre.
The gnoll hits your hound with a +0 club.
The ogre closely misses you.
You hit the ogre.
The ogre is severely wounded.
Your hound bites the gnoll.
The gnoll barely misses your hound.
You hit the ogre.
The ogre is severely wounded.
Your hound bites the gnoll.
The ogre hits you with a +0 giant club!
Your hound bites the gnoll.
You barely miss the ogre.
The ogre is severely wounded.
The gnoll hits your hound with a +0 club.
Your hound barely misses the gnoll.
You hit the ogre.
The ogre is almost dead.
The gnoll closely misses your hound.
Your hound closely misses the gnoll.
The ogre hits you with a +0 giant club!!
Ouch! That really hurt!
You die...

,,,,,,*,,*,**,,##....#....#...###
,,,,,,**,*,,,*,#©....#......#.###
,,,,,,,*,*,,,,,##.......#.#.#....
,,,,,,©*,,,©*,,,#.........#######
,,,,,,,*,,*,,,*,#.......###
......#*,,,,.#,##...###.#
......#,,*,*...#....###.##
......#,.#.#...#..#.#....#
..<.hg##.......#@.#......# #
....Ogg###...###O###.....# ###
###.##...#####...h##.....######..
*...*###.5........g.............#
.O##* ##...........#..........##
..,** #..................)...#
,,,,** #...........#.....[....#
,,,,,* ##.........##..........#
,,,,,* ##...)...##############


You could see an ogre, a gnoll (distracted, ally target) and a friendly hound
(summoned).

Vanquished Creatures
  A phantom (D:5)
  A necrophage (D:4)
  An orc priest (D:4)
  An iguana (D:3)
  A gnoll (D:5)
  6 adders
  A worm (D:4)
  A dart slug (D:1)
  3 orcs
  5 endoplasms
  3 giant cockroaches
  4 hobgoblins
  4 ball pythons
  4 bats
  3 frilled lizards
  A goblin (D:2)
  2 kobolds (D:3)
  4 rats
46 creatures vanquished.

Vanquished Creatures (collateral kills)
  Blork the orc (D:5)
  A scorpion (D:4)
  An orc priest (D:3)
  An iguana (D:4)
  An orc wizard (D:3)
  2 adders (D:2)
  3 dart slugs
  An orc (D:3)
  A bat (D:1)
  2 endoplasms
  A giant cockroach (D:1)
  4 goblins
  A hobgoblin (D:1)
  2 ball pythons
  5 kobolds
  2 rats (D:1)
29 creatures vanquished.

Vanquished Creatures (others)
  2 plants (D:4)
2 creatures vanquished.

Grand Total: 77 creatures vanquished

Notes
Turn   | Place    | Note
-------+----------+-------------------------------------------
     0 | D:1      | LnG the Kobold Summoner began the quest for the Orb.
     0 | D:1      | Reached XP level 1. HP: 10/10 MP: 3/3
   194 | D:1      | Reached XP level 2. HP: 15/15 MP: 3/5
   198 | D:1      | Learned a level 2 spell: Call Imp
   913 | D:1      | Reached XP level 3. HP: 19/19 MP: 6/6
   917 | D:1      | Learned a level 3 spell: Call Canine Familiar
  1606 | D:2      | Reached XP level 4. HP: 16/24 MP: 2/8
  1616 | D:2      | Got the Tome of Entrancing Embers
  2190 | D:2      | Reached skill level 1 in Short Blades
  2605 | D:3      | Reached XP level 5. HP: 8/28 MP: 4/9
  2894 | D:3      | Found a stormy altar of Qazlal.
  3279 | D:3      | Reached XP level 6. HP: 33/33 MP: 10/10
  3444 | D:4      | You fall into a shaft and drop 1 floor!
  3444 | D:5      | Entered Level 5 of the Dungeon
  3449 | D:5      | Noticed Blork the orc
  3463 | D:5      | Killed Blork the orc
  3464 | D:5      | Reached skill level 1 in Fighting
  3464 | D:5      | Reached skill level 5 in Summonings
  3665 | D:4      | Reached skill level 5 in Stealth
  3845 | D:4      | Reached XP level 7. HP: 26/38 MP: 10/12
  4058 | D:4      | Found Cepp's Weapon Shop.
  4082 | D:4      | Found a staircase to the Ecumenical Temple.
  4098 | Temple   | Entered the Ecumenical Temple
  4361 | D:4      | Found a white marble altar of Elyvilon.
  4463 | D:4      | Learned a level 3 spell: Summon Guardian Golem
  4468 | D:4      | Learned a level 4 spell: Summon Lightning Spire
  5096 | D:5      | Found a transporter.
  5244 | D:5      | Mangled by an ogre

Illustrated notes

Levels and vault maps discovered:
D:1:      minmay_arrival_cross, layout_loops_corners
D:2:      layout_basic, minmay_pentomino_w4
D:3:      layout_basic, mainiacjoe_overflow_small_starburst
D:4:      layout_loops_cross, nicolae_elyvilon_temple_path,
          minmay_temple_entry_proselytizer, serial_shops, shop_statue
D:5:      layout_rooms, gammafunk_ghost_stat_death, uniq_blork_the_orc
Temple:   chequers_temple_sunken

Skill      XL: |  1  2  3  4  5  6  7 |
---------------+----------------------+-----
Stealth        | 3 4 5 |  5.4
Dodging        | 3 4 |  4.0
Short Blades   | 1 3 |  3.7
Spellcasting   | 3 |  3.8
Fighting       | 1 |  1.7
Summonings     | 5 |  5.5

Action                   |  1- 3 |  4- 6 |  7- 9 || total
-------------------------+-------+-------+-------++-------
Melee: Unarmed           |     9 |       |       ||     9
       Dagger            |    53 |   114 |    58 ||   225
       Short sword       |    14 |       |       ||    14
       Punch             |       |     5 |     2 ||     7
 Cast: Summon Small Mamm |    11 |       |       ||    11
       Call Imp          |     6 |     4 |     2 ||    12
       Call Canine Famil |     3 |    10 |     5 ||    18
  Use: Scroll            |     6 |     2 |     3 ||    11
       Potion            |       |     3 |       ||     3
 Stab: Sleeping          |    10 |     8 |     5 ||    23
       Distracted        |       |       |     1 ||     1
Armor: Robe              |     9 |     4 |     4 ||    17
       Skin              |       |     3 |       ||     3
Dodge: Dodged            |    61 |    78 |    28 ||   167

Table legend: (Time is in decaauts)
 A = Elapsed time spent in this place.
 B = Non-inter-level travel time spent in this place.
 C = Inter-level travel time spent in this place.
 D = Time resting spent in this place.
 E = Time spent auto-exploring this place.
 F = Levels seen in this place.
 G = Mean time per level.
                   A        B        C        D        E       F      G
               +--------+--------+--------+--------+--------+-----+--------+
         Total |   5271 |   5196 |     75 |    406 |   3979 |   6 |  878.5 |
       Dungeon |   5019 |   4967 |     52 |    406 |   3761 |   5 | 1003.8 |
        Temple |    252 |    229 |     23 |      0 |    218 |   1 |  252.0 |
               +--------+--------+--------+--------+--------+-----+--------+

Top non-repeatable levels by time:
     D:1: 1328 daAuts
     D:2: 1307 daAuts
     D:4: 1203 daAuts
     D:3: 783 daAuts
     D:5: 396 daAuts
  Temple: 252 daAuts
